 Dungeon Crawl Stone Soup version 0.30-a0-154-gb106f4c828 (webtiles) character file.

Game seed: 6987729241380465540

32932 Ijustatesigmund the Fighter (level 13, 0/89 HPs)
             Began as a Gargoyle Fighter on Sept 27, 2022.
             Was a Priest of the Shining One.
             Slain by a vault guard
             ... wielding a +0 battleaxe
              (10 damage)
             ... on level 14 of the Dungeon.
             The game lasted 00:32:33 (16498 turns).

Ijustatesigmund the Fighter (Gargoyle Fighter)     Turns: 16498, Time: 00:32:34

Health: 0/89       AC: 32    Str: 26    XL:     13   Next: 67%
Magic:  0/15       EV: 12    Int:  8    God:    the Shining One [***...]
Gold:   947        SH: 14    Dex: 15    Spells: 11/12 levels left

rFire   . . .      SeeInvis .    a - +1 flail (flame)
rCold   . . .      Faith    .    c - +0 buckler
rNeg    + + .      Spirit   +    b - +2 ring mail {rPois}
rPois   ∞          Reflect  .    N - +2 helmet
rElec   +          Harm     .    d - +1 cloak
rCorr   .          Rampage  .    K - +0 pair of gloves
Will    .....                    g - +0 pair of boots
Stlth   +.........               i - amulet of guardian spirit
HPRegen 0.24/turn                h - +6 ring of dexterity
MPRegen 0.14/turn                r - +4 ring of protection

@: divinely shielded, glowing
A: sickness immunity, AC +9, negative energy resistance 1, electricity
resistance, torment resistance 1, petrification resistance
a: Renounce Religion, Divine Shield, Cleansing Flame


You were on level 14 of the Dungeon.
You worshipped the Shining One.
The Shining One was most pleased with you.
You visited 1 branch of the dungeon, and saw 14 of its levels.
You also visited: Sewer.

You collected 947 gold pieces.

Inventory:

Hand Weapons
 a - a +1 flail of flaming (weapon)
Missiles
 j - a throwing net (quivered)
Armour
 b - a +2 ring mail of poison resistance (worn)
 c - a +0 buckler (worn)
 d - a +1 cloak (worn)
 g - a +0 pair of boots (worn)
 K - a +0 pair of gloves (worn)
 N - a +2 helmet (worn)
Jewellery
 h - a +6 ring of dexterity (left hand)
 i - an amulet of guardian spirit (around neck)
 r - a +4 ring of protection (right hand)
 y - a +6 ring of dexterity
 C - a ring of fire
 J - a ring of see invisible
Wands
 o - a wand of digging (2)
 u - a wand of flame (14)
 D - a wand of roots (5)
 P - a wand of light (5)
Scrolls
 k - 4 scrolls of identify
 s - a scroll of enchant weapon
 t - 3 scrolls of amnesia
 I - 2 scrolls of fog
 L - 4 scrolls of immolation
 M - 3 scrolls of enchant armour
 O - a scroll of torment
Potions
 f - a potion of resistance
 l - 4 potions of brilliance
 m - 4 potions of cancellation
 n - a potion of ambrosia
 v - 4 potions of magic
 w - a potion of might
 z - a potion of flight
 B - a potion of attraction
 F - 2 potions of lignification
Miscellaneous
 p - a piece from Xom's chessboard (15/15)


   Skills:
 + Level 13.8 Fighting
 + Level 13.7 Maces & Flails
 + Level 11.0 Armour
 - Level 3.6 Dodging
 - Level 8.7 Shields
 + Level 3.8 Invocations
 - Level 9.3 Evocations


You had 11 spell levels left.
You knew the following spells:

 Your Spells              Type           Power      Damage    Failure   Level
a - Apportation           Tloc           0%         N/A       58%         1

Your spell library contained the following spells:

 Spells                   Type           Power      Damage    Failure   Level
 Necrotise                Necr           0%         1d4       58%         1
 Slow                     Hex            0%         N/A       58%         1
 Summon Small Mammal      Summ           0%         N/A       58%         1
 Poisonous Vapours        Pois/Air       0%         N/A       73%         2
 Dazzling Flash           Conj/Hex       0%         N/A       91%         3
 Iskenderun's Mystic Bla  Conj/Tloc      0%         2d3       100%        4
 Petrify                  Tmut/Erth      0%         N/A       100%        4
 Irradiate                Conj/Tmut      0%         3d11      100%        5
 Starburst                Conj/Fire      0%         6d3       100%        6
 Cigotuvi's Dreadful Rot  Necr/Pois/Air  Unusable   N/A       N/A         2
 Sublimation of Blood     Necr           Unusable   N/A       N/A         2

Dungeon Overview and Level Annotations

Branches:
Dungeon (14/15)            Temple (0/1) D:6            Lair (0/5) D:8
    Orc (0/2) D:12         Vaults (0/5) D:14          Sewer (visited)

Altars:
Ashenzari
Cheibriados
Elyvilon
Kikubaaqudgha
Makhleb
Ru
Sif Muna
Trog
Wu Jian
Xom
Zin
The Shining One

Shops:
D:9 [

Annotations:
D:8 2 transporters, Stonecrops's ghost, journeyman DsGl


Innate Abilities, Weirdness & Mutations

You are immune to sickness and miasma.
Your stone body is resilient. (AC +9)
You are immune to poison.
You resist negative energy. (rN+)
You are resistant to electric shocks. (rElec)
You are resistant to unholy torment.
You are immune to petrification.


Message History

The centaur warrior kicks you but does no damage.
You thump the centaur warrior! You burn the centaur warrior.
The centaur warrior is heavily wounded.
You block the centaur warrior's attack.
The centaur warrior kicks you but does no damage.
The centaur warrior hits you but does no damage.
The centaur warrior kicks you but does no damage.
You thump the centaur warrior! You burn the centaur warrior.
The centaur warrior is severely wounded.
The centaur warrior hits you but does no damage.
The centaur warrior kicks you but does no damage.
You hit the centaur warrior but do no damage.
The centaur warrior is heavily wounded.
You block the centaur warrior's attack.
The centaur warrior kicks you but does no damage.
The vault guard barely misses you.
Okay, then.
Your shield is strengthened by the Shining One's divine power.
You block the centaur warrior's attack.
The centaur warrior kicks you but does no damage.
The vault guard hits you but does no damage.
You sock the centaur warrior! You burn the centaur warrior.
The centaur warrior is almost dead.
The centaur warrior hits you but does no damage.
You block the centaur warrior's attack.
You hit the centaur warrior but do no damage.
The centaur warrior is almost dead.
The centaur warrior hits you but does no damage.
You block the centaur warrior's attack.
Something unseen opens the door.
You hit the centaur warrior. You burn the centaur warrior.
You kill the centaur warrior!
The vault guard hits you but does no damage.
The vault guard hits you with a +0 battleaxe.
* * * LOW HITPOINT WARNING * * *
You hit the vault guard but do no damage.
The vault guard is heavily wounded.
A cyclops comes into view.
Found an escape hatch in the ceiling.
The vault guard hits you with a +0 battleaxe!
You die...

###......#,,,,**,,**,,,,,,,,,,,,,
.....#####....*,,,********,,,,,,,
###..#,,#.....*,,,*,,,,,,*,,,,,,,
* #..#,,*#....**,,*,,,,,,*,,,,,,,
* #..#,,*#....#*,,*,,,,,,*,,,,,,,
* #..#,,,,.....,,,*,,,,<,*,,,,,,,
###..#,,,,,,...,,,*,,...,*,,,,,,,
.....#########C####.(...,***+****
..........p.§p§§@.......,,,,,,,,,
.......#....§§§p§#......,,,,,,,,,
.......#....##§§§#,.....,,,,,,,,,
.......#....##...#,,....,*,,,,**,
.##....#....##...[.,,...,*,,,,,,,
....(...............,,..,*,,,,,,,
.....................,,.,,,,,,,,,
#####################************


You could see a vault guard and a cyclops.

Vanquished Creatures
  Kirke (D:12)
  Snorg (D:11)
  A vault guard (D:14)
  Fannar (D:12)
  A hydra (D:14)
  2 catoblepae
  2 two-headed ogres (D:12)
  A centaur warrior (D:14)
  3 boulder beetles
  Erica (D:10)
  A tengu warrior (D:14)
  A shock serpent (shapeshifter) (D:10)
  Nergalle (D:11)
  3 ugly things (D:12)
  4 manticores
  6 cyclopes
  A gargoyle (D:13)
  An unseen horror (D:11)
  2 komodo dragons
  A freezing wraith (D:14)
  A tengu conjurer (D:13)
  Maggie (D:6)
  3 trolls
  Grinder (D:3)
  4 slime creatures (D:13)
  A shadow (D:10)
  Eustachio (D:6)
  A wraith (D:10)
  37 yaks
  A wyvern (D:9)
  3 hogs (D:12)
  3 steam dragons
  10 vampire mosquitoes
  Menkaure (D:6)
  Edmund (D:6)
  An acid dragon (D:8)
  5 orc warriors
  2 sky beasts
  2 ogres
  The ghost of BlueGoblin the Shooter, an amateur DrHu (D:3)
  10 centaurs
  3 phantoms
  2 kobold brigands
  2 necrophages
  7 bullfrogs
  5 scorpions
  A gnoll sergeant (D:9)
  12 wights
  A water moccasin zombie (D:7)
  A wyvern zombie (D:7)
  6 killer bees (D:10)
  3 howler monkeys
  A bullfrog zombie (D:7)
  An electric eel (D:14)
  2 centaur zombies (D:7)
  2 hounds
  A human zombie (D:7)
  3 jellies
  5 orc priests
  A gnoll bouda (D:3)
  Natasha (thrice) (D:3)
  2 iguanas
  7 orc wizards
  2 mummies (D:7)
  2 howler monkey zombies (D:7)
  23 gnolls
  11 adders
  4 white imps
  2 ufetubi
  4 dart slugs
  59 orcs
  17 ball pythons
  22 endoplasms
  10 giant cockroaches
  10 hobgoblins
  4 jackals
  6 quokkas
  6 bats
  9 frilled lizards
  16 goblins
  15 kobolds
  10 rats
428 creatures vanquished.

Vanquished Creatures (others)
  A manticore (D:13)
  2 humans (D:13)
  A vampire mosquito (D:14)
  An orc wizard (D:5)
  38 plants
43 creatures vanquished.

Grand Total: 471 creatures vanquished

Notes
Turn   | Place    | Note
-------+----------+-------------------------------------------
     0 | D:1      | Ijustatesigmund the Gargoyle Fighter began the quest for
                  | the Orb.
     0 | D:1      | Reached XP level 1. HP: 14/14 MP: 1/1
    61 | D:1      | Reached XP level 2. HP: 13/19 MP: 2/2
   348 | D:1      | You fall into a shaft and drop 1 floor!
   402 | D:2      | Reached XP level 3. HP: 20/24 MP: 3/3
  1054 | D:2      | Reached XP level 4. HP: 30/30 MP: 4/4
  1727 | D:2      | Reached XP level 5. HP: 18/34 MP: 1/5
  1734 | D:2      | Reached skill level 5 in Maces & Flails
  2615 | D:3      | Reached XP level 6. HP: 37/39 MP: 6/6
  2630 | D:3      | Found a bloodstained altar of Trog.
  2633 | D:3      | Noticed Grinder
  2638 | D:3      | Paralysed by Grinder for 5 turns
  3293 | D:4      | Reached skill level 5 in Fighting
  3361 | D:4      | Reached XP level 7. HP: 23/44 MP: 7/7
  3521 | D:4      | Found a shimmering altar of Xom.
  3977 | D:5      | Entered Level 5 of the Dungeon
  4212 | D:5      | Reached skill level 5 in Armour
  4217 | D:5      | Reached XP level 8. HP: 33/51 MP: 4/8
  4728 | D:5      | Found a sacrificial altar of Ru.
  4983 | D:6      | Noticed Maggie
  5002 | D:6      | Killed Maggie
  5003 | D:6      | Reached skill level 10 in Maces & Flails
  5286 | D:6      | Noticed Eustachio
  5309 | D:6      | Killed Eustachio
  5423 | D:6      | Found a staircase to the Ecumenical Temple.
  5440 | D:6      | Reached XP level 9. HP: 57/57 MP: 9/9
  5461 | D:6      | Noticed Menkaure
  5467 | D:6      | Killed Menkaure
  5699 | D:6      | Found a glowing drain.
  5709 | Sewer    | Entered a sewer
  6295 | D:6      | Noticed Edmund
  6838 | D:6      | Killed Edmund
  7113 | D:3      | Found a transporter.
  7119 | D:3      | Found a transporter.
  7119 | D:3      | Noticed BlueGoblin's ghost (amateur DrHu)
  7155 | D:3      | Found a faded altar of an unknown god.
  7359 | D:3      | Paralysed by Grinder for 2 turns
  7367 | D:3      | Killed Grinder
  7368 | D:3      | Reached skill level 5 in Shields
  7426 | D:3      | Identified the +6 dagger of Watchfulness {freeze, Stlth+}
  7704 | D:3      | Noticed Natasha
  7706 | D:3      | Killed Natasha
  7773 | D:3      | Noticed Natasha
  7775 | D:3      | Killed Natasha
  7842 | D:3      | Found a shimmering blue altar of Sif Muna.
  7849 | D:3      | Got Sif Muna's Secrets of Hexing
  8129 | D:3      | Noticed Natasha
  8135 | D:3      | Killed Natasha
  8162 | D:3      | Killed BlueGoblin's ghost
  8312 | D:7      | Reached XP level 10. HP: 66/66 MP: 10/10
  8795 | D:7      | Found an ancient bone altar of Kikubaaqudgha.
  9044 | D:8      | Found a snail-covered altar of Cheibriados.
  9110 | D:8      | Found a burning altar of Makhleb.
  9286 | D:8      | Noticed Stonecrops's ghost (journeyman DsGl)
  9287 | D:8      | Found a transporter.
  9289 | D:8      | Found a transporter.
  9629 | D:8      | Reached skill level 10 in Fighting
  9824 | D:8      | Found a staircase to the Lair.
  9841 | D:8      | Reached skill level 1 in Dodging
  9963 | D:8      | Found an ornate altar of the Wu Jian Council.
 10097 | D:8      | Reached XP level 11. HP: 52/73 MP: 9/11
 10360 | D:9      | Found Hebirem's Antique Armour Shoppe.
 10543 | D:10     | Entered Level 10 of the Dungeon
 10723 | D:9      | Found a broken altar of Ashenzari.
 11150 | D:10     | Found a glowing golden altar of the Shining One.
 11212 | D:10     | Found a white marble altar of Elyvilon.
 11213 | D:10     | Found a glowing silver altar of Zin.
 11217 | D:10     | Became a worshipper of the Shining One
 11901 | D:10     | Noticed a shock serpent
 11911 | D:10     | Killed a shock serpent
 12056 | D:10     | Reached * piety under the Shining One
 12277 | D:10     | Noticed Erica
 12279 | D:10     | Paralysed by Erica for 3 turns
 12296 | D:10     | Killed Erica
 12297 | D:10     | Reached XP level 12. HP: 68/82 MP: 9/12
 12472 | D:11     | Noticed Snorg
 12482 | D:11     | Killed Snorg
 12498 | D:11     | Reached skill level 10 in Armour
 12796 | D:11     | Noticed Nergalle
 12797 | D:11     | Noticed a boulder beetle
 12821 | D:11     | Killed Nergalle
 12822 | D:11     | Reached skill level 1 in Evocations
 12842 | D:11     | Killed a boulder beetle
 13519 | D:12     | Noticed Fannar
 13519 | D:12     | Reached ** piety under the Shining One
 13532 | D:12     | Killed Fannar
 13732 | D:12     | Noticed a two-headed ogre
 13745 | D:12     | Killed a two-headed ogre
 13746 | D:12     | Reached skill level 5 in Evocations
 13748 | D:12     | Noticed a two-headed ogre
 13759 | D:12     | Killed a two-headed ogre
 13911 | D:12     | Noticed a boulder beetle
 13924 | D:12     | Killed a boulder beetle
 14073 | D:12     | Found a staircase to the Orcish Mines.
 14395 | D:12     | Noticed a boulder beetle
 14409 | D:12     | Killed a boulder beetle
 14535 | D:13     | Noticed a catoblepas
 14554 | D:12     | Killed a catoblepas
 14555 | D:12     | Reached XP level 13. HP: 38/88 MP: 3/13
 14777 | D:13     | Noticed Kirke
 14795 | D:12     | Noticed a sphinx
 14797 | D:12     | Killed Kirke
 15510 | D:13     | Found a burning altar of Makhleb.
 15513 | D:13     | Noticed a balrug
 15564 | D:13     | Reached skill level 1 in Invocations
 16293 | D:14     | Learned a level 1 spell: Apportation
 16402 | D:14     | Found a gate to the Vaults.
 16402 | D:14     | Noticed a vault guard
 16402 | D:14     | Noticed a vault guard
 16403 | D:14     | Noticed a rakshasa
 16403 | D:14     | Noticed a vault guard
 16403 | D:14     | Reached *** piety under the Shining One
 16403 | D:14     | Noticed a vault guard
 16430 | D:14     | Killed a vault guard
 16498 | D:14     | Slain by a vault guard

Illustrated notes

Levels and vault maps discovered:
D:1:      wander_arrival_estate, layout_rooms,
          amcnicky_mini_rare_corridor_liquid, hangedman_decor_points
D:2:      cheibrodos_greedy_goblins, layout_loops_cross, minmay_tiny_reverse_x
D:3:      layout_basic, nzn_overflow_gifts_of_might_and_magic,
          gammafunk_ghost_arena, serial_rivers, chequers_serial_rivers_small_3,
          chequers_serial_rivers_small_3, chequers_serial_rivers_micro_b,
          chequers_serial_rivers_small_b, chequers_serial_rivers_micro_c,
          chequers_serial_rivers_small_a, basic_ecumenical_altar,
          grunt_ministairs_1, kennysheep_generic_room_8, uniq_natasha,
          uniq_grinder
D:4:      layout_basic, general_overflow_altar
D:5:      layout_cave_pools, hangedman_ru_absence, minmay_starry_boxes
D:6:      layout_gridville, minmay_temple_entry_ruins, portal_sewer_entry_a,
          nicolae_benzene_ring, uniq_menkaure, uniq_maggie, uniq_eustachio,
          uniq_edmund
D:7:      layout_basic, lemuel_mausoleum_altar_kikubaaqudgha
D:8:      layout_loops_ring, mainiacjoe_overflow_chevrons,
          mainiacjoe_overflow_swirl, david_lair_shrubbed, gammafunk_ghost_smash
D:9:      layout_roguey, lemuel_crystal_altar, serial_shops, shop_fountains,
          minmay_misc_feat_enclosed, kennysheep_generic_room_12
D:10:     layout_rooms, good_gods_temple_1, special_room [special_room_orc],
          grunt_potential, uniq_erica
D:11:     layout_cave_pools, uniq_snorg, uniq_nergalle
D:12:     layout_roguey, orc_0_dummy, uniq_fannar
D:13:     layout_loops_cross, makhleb_altar_promises_db, uniq_kirke
D:14:     layout_stronghold, lightli_vaults_fourway_checkpoint,
          gauntlet_entry_generic, serial_bayou_lagoon_a,
          portal_ice_cave_entry_ice_statue_one

Skill      XL: |  1  2  3  4  5  6  7  8  9 10 11 12 13 |
---------------+----------------------------------------+-----
Fighting       | 4 5 6 7 9 10 12 13 | 13.8
Maces & Flails | 3 4 6 7 8 10 12 13 | 13.7
Armour         | 4 5 6 7 9 10 11 | 11.0
Shields        | 5 7 8 |  8.7
Dodging        | 2 3 |  3.6
Evocations     | 8 9 |  9.3
Invocations    | 3 |  3.8

Action                   |  1- 3 |  4- 6 |  7- 9 | 10-12 | 13-15 || total
-------------------------+-------+-------+-------+-------+-------++-------
Melee: Flail             |    95 |   173 |   528 |   777 |   159 ||  1732
       Unarmed           |       |       |       |       |     8 ||     8
Invok: Divine Shield     |       |       |       |     1 |     1 ||     2
Evoke: Wand              |       |       |       |     9 |     5 ||    14
  Use: Potion            |     1 |     2 |     2 |     1 |     3 ||     9
       Scroll            |     5 |     6 |    10 |     9 |     9 ||    39
Armor: Scale mail        |   100 |    49 |       |       |       ||   149
       Ring mail         |       |    47 |   243 |   350 |   127 ||   767
Dodge: Dodged            |    70 |    77 |   271 |   299 |    71 ||   788
Block: Buckler           |    37 |    27 |   113 |   165 |    49 ||   391

Table legend: (Time is in decaauts)
 A = Elapsed time spent in this place.
 B = Non-inter-level travel time spent in this place.
 C = Inter-level travel time spent in this place.
 D = Time resting spent in this place.
 E = Time spent auto-exploring this place.
 F = Levels seen in this place.
 G = Mean time per level.
                   A        B        C        D        E       F      G
               +--------+--------+--------+--------+--------+-----+--------+
         Total |  16434 |  15923 |    511 |   3000 |   9697 |  15 | 1095.6 |
       Dungeon |  15847 |  15336 |    511 |   3000 |   9343 |  14 | 1131.9 |
         Sewer |    587 |    587 |      0 |      0 |    354 |   1 |  587.0 |
               +--------+--------+--------+--------+--------+-----+--------+

Top non-repeatable levels by time:
     D:2: 1686 daAuts
    D:12: 1629 daAuts
    D:10: 1546 daAuts
     D:3: 1468 daAuts
     D:6: 1342 daAuts
    D:13: 1268 daAuts
     D:8: 1242 daAuts
     D:4: 1109 daAuts
     D:5: 1045 daAuts
     D:1: 942 daAuts
    D:11: 918 daAuts
     D:7: 889 daAuts
   Sewer: 587 daAuts
     D:9: 558 daAuts
    D:14: 200 daAuts
